[Event "44th Chess Olympiad Open 2022"]
[Site "Chennai"]
[Date "2022.08.03"]
[Round "6.43"]
[White "Nielsen, Hogni Egilstoft"]
[Black "Kett, Tim"]
[Result "*"]
[WhiteElo "2414"]
[BlackElo "2197"]
[Annotator "TA"]
[PlyCount "66"]
[EventDate "2022.??.??"]
[TimeControl "60"]

1. e4 e5 2. Nf3 Nc6 3. Bc4 Nf6 4. d3 Be7 5. O-O d6 6. a4 O-O 7. Re1 Be6 8. Nbd2 Qd7 9. c3 Rad8
{[%emt 0:03:34] C55: Two Knights: 4 d3, 4 d4 exd4 5 e5 and Max Lange Attack.}
10. a5 h6 11. Bb5 a6 {
[%emt 0:01:36] The position is equal.} 12. Ba4 Qc8 13. b4 {[%emt 0:07:13] [#]} Nh7 $146 ({Predecessor:} 
13... b5 14. axb6 cxb6 15. b5 axb5 16. Bxb5 d5 17. Qa4 dxe4 18. Nxe4 Nxe4 19.
Qxe4 {0-1 (107) Radulski,J (2511)-Petkov,V (2434) Plovdiv 2008}) 14. Nf1 f5 15. Ne3 f4 16. Nd5 {[%emt 0:00:27] Bxc6 is the strong threat.}
Bf6 17. d4 Ne7 18. Bb3 (18. Nxf6+ $14 Nxf6 19. Bb2) 18... Nxd5
$11 19. dxe5 (19. exd5 $11 Bg4 20. h3 (20.
dxe5 Bxe5 21. Qd3 Bxf3 $11)) 19... Nxc3 $17 20. Qc2 {[%emt 0:
00:09] Threatens to win with Nd4.} Bxe5 21. Nxe5 dxe5 22. Qxc3 f3 23.
Bb2 $2 (23. Bd1 $15) 23... Rd4 $2 (23... Bxb3
$19 {has better winning chances.} 24. Qxb3+ Kh8 25. gxf3 Ng5) 24. Bd1 (24. h4 $17) 24... Ng5 $19 25. Qc5 $2 {[%emt 0:01:43]
[#]} (25. h4 Bh3 26. gxf3 (26. hxg5 Bxg2 27. Bb3+ Kh7 28. g6+ Kxg6)) 25... Bh3
$1 {[%emt 0:03:53][%cal Yc8g4] ( -> ...Qg4!)} 26. Qxe5 {[%emt 0:06:22] [#]} (
26. Bb3+ Kh7) 26... Bxg2 $1 27. h4 (27. Bb3+ Kh7) 27... Nh3+ ({Don't blunder} 27... Qh3 $2 28.
Qh2 Qxh2+ 29. Kxh2 Rxe4 30. Rxe4 (30. hxg5 $2 {gets mated.} Rh4+ 31. Kg3 Rh3+
32. Kg4 h5#) 30... Nxe4 31. Be5 Nxf2 32. Bxc7 Ng4+ 33. Kg3 $19) 28. Kh2 {
[%emt 0:00:01] [#]} Nf4 $1 29. Bb3+ Kh8 30. Be6 {[%emt 0:00:26] [#]} Nxe6 $1 31. Bxd4 Nxd4 32. Rad1 Qh3+ 33. Kg1 Qh1# {[%emt 0:00:04] Weighted Error Value:
White=1.18/Black=0.30} *

[Event "44th Chess Olympiad Open 2022"]
[Site "Chennai"]
[Date "2022.08.03"]
[Round "6.43"]
[White "Rodgaard, John"]
[Black "Pleasants, Allan J"]
[Result "1-0"]
[WhiteElo "2324"]
[BlackElo "2024"]
[Annotator "TA"]
[PlyCount "97"]
[EventDate "2022.??.??"]
[TimeControl "60"]

1. Nf3 Nf6 2. c4 g6 3. Nc3 Bg7 4. e4 d6 5. d4 O-O 6. Be2 Na6 7. O-O e5 8. Be3 c6 9. Re1 exd4 {[%emt 0:08:25] Recently 9...Re8 got a lot of
attention. E94: King's Indian: Classical: 6 Be2 e5 7 0-0: Various Black 7th
moves.} 10. Nxd4 (10. Qxd4 Ng4 11. Qd2 Nxe3 12. Qxe3 Qb6 $15)
10... Re8 11. f3 Nc5 {[%emt 0:10:19] White
is slightly better.} 12. Qd2 Ne6 13. Rad1 Qc7 14. Bf1 {[%emt 0:19:18] [#]} a6 $146 (14... Nxd4 $14 {is superior.} 15. Bxd4 Be6) ({Predecessor:} 
14... Rd8 15. Nxe6 Bxe6 16. Qf2 Qe7 17. Rd2 Ne8 18. Red1 a6 19. c5 Bxc3 20.
bxc3 d5 21. exd5 Bxd5 {1-0 (30) Schmid,E (2001)-Claus,A (1667) Leipzig 2016})
15. Nb3 ({Better is} 15. Nxe6 $16 Bxe6 16. Qxd6 Qxd6 17. Rxd6)
15... Bf8 $14 16. Qf2 b5 17.
c5 Nd7 (17... Nxc5 $11 {keeps the balance.}
18. Nxc5 dxc5) 18. cxd6 $16 {[%emt 0:00:45] White is more active.} Bxd6 19. g3 $1 Bf8 20. f4 Bb7 21. e5 (21. Bh3 $16)
21... f5 (21... c5 $14) 22. Bg2 a5 (22... Rac8 $16 {might work better.}) 23. Re2 (23. Rc1
$1 $18) 23... a4 $11 24. Nd4 Ndc5 (24... Nxd4 $11 {remains equal.} 25. Rxd4 (25. Bxd4 b4 $14) 25... b4)
25. Nxe6 (25. Rc2 $1 $16) 25... Nxe6 $14 26.
Red2 Rad8 {[%emt 0:03:48] Prevents Rd7.} 27. Bb6 Rxd2 28. Rxd2 Qc8 29.
Qe3 a3 30. b3 $2 (30. bxa3
$11 Qa8 31. Rd7) 30... b4 $1 $17 31. Na4 c5 32. Bxb7 (32. Bf1 $17) 32... Qxb7 $19 33. Qd3 {[%emt 0:00:49] [#]} (33. Bxc5 $2 Rc8 34. Rd6 (34. Rc2
$2 Nxc5 35. e6 Ne4 $19) 34... Bxd6 35. exd6 Qd5 $19) 33... Nd4 $2 (33... Ra8 $1 $17 {White must now prevent ...Nd4.} 34. Qc4 Kf7) 34. Rf2 $2
{[%emt 0:00:31] [#]} (34. Qc4+ Kh8 35. Rd1 Qf3 $17) (34. Kf2 $11) 34... Rc8 $1 (34... Qd5 35. Rd2 $11) 35. Qc4+ Kg7 $2 (35... Kh8 $19 {[%cal Yg6g5] And now ...g5! would win.} 36. h3
Nf3+ 37. Kf1 Nd4) 36. Bxc5 $11 Bxc5 (36...
Qe4 $2 37. Qxd4 Qxd4 38. Bxd4 $18) 37. Nxc5 Nf3+ $1 38. Kf1 Qa8 ({Black should try} 38...
Nd2+ $1 $11 39. Ke2 (39. Rxd2 Qh1+ 40. Kf2 Qxh2+ 41. Ke3 Qxg3+ 42. Ke2 Qh2+ 43.
Ke3 Qg3+ 44. Ke2 Qh2+ 45. Ke3 Qg3+ $11) 39... Nxc4 40. Nxb7 Nb2) 39. Qxb4 $16 Kh6 $2 {[%emt 0:00:25] A mistake that costs the game.} (39...
Nxh2+ $16 40. Rxh2 Qf3+ 41. Rf2 Qd1+ 42. Kg2 Qd5+ 43. Ne4 Qxe4+ 44. Qxe4 fxe4)
40. Qc3 {[%emt 0:00:20] Threatens to win with b4.} Qd5 {[%emt 0:00:35]
Strongly threatening ...Nd4.} 41. Qxf3 ({Not} 41. Rxf3 Rxc5
42. Qd3 Qc6 $11) 41... Qxc5 $18 {[%emt 0:01:15] Endgame KQR-KQR} 42. Kg2 Qc1 43. e6 Rc3 44. Qa8 {[%emt 0:03:54] White threatens Qf8+ and mate.} Re3 $2 (44... Rc8 $18 45. Qf3 Rc3) 45. Qf8+ ({Less strong is
} 45. Qd8 Rxe6 46. Qf8+ Kh5 $16) 45... Kh5 46. Qg7 {[%emt 0:
02:34] White mates.} Qc6+ 47. Kh3 Rxg3+ 48. Kxg3 Qc3+ 49. Qxc3 {[%emt 0:00:10] Weighted Error Value: White=0.39/ Black=0.49} 1-0

[Event "44th Chess Olympiad Open 2022"]
[Site "Chennai"]
[Date "2022.08.03"]
[Round "6.43"]
[White "Blackburn, Jonathan L B"]
[Black "Ziska, Helgi Dam"]
[Result "0-1"]
[WhiteElo "2176"]
[BlackElo "2549"]
[Annotator "TA"]
[PlyCount "94"]
[EventDate "2022.??.??"]
[TimeControl "60"]

1. d4 Nf6 2. c4 g6 3. Nc3 Bg7 4. e4 d6 5. f3 O-O 6. Be3 a6 7. Qd2 Nbd7 8. Nh3 c6 9. Nf2 {[%emt 0:08:27] E81: King's Indian: Sämisch: 6th move deviations 
(including 6 Be3 c6).} b5 10. Rc1 Qa5 {
[%emt 0:23:42] [#]} 11. a3 $146 {[%emt 0:11:11] White is slightly better.} ({
Predecessor:} 11. b3 Bb7 12. Be2 bxc4 13. bxc4 c5 14. dxc5 Nxc5 15. O-O Rfc8
16. Rfd1 {½-½ (26) Martinsen,S (2145)-Obsieger,H Hastings 2012}) 11... Rb8 12. Be2 bxc4 13. Bxc4 d5 14. Ba2 e5 15. O-O dxe4 16. fxe4 exd4 17. Bxd4 Qh5 (17... Ne5 $14)
18. Ne2 $1 $16 Bh6 (18... Bb7 $16) 19. Nf4
$18 Qg5 (19... Qh4 $142 20. g3 Bxf4 21. Qxf4
(21. gxh4 $2 Bxd2 22. Rxc6 Bb7 $17) (21. gxf4 c5 $14) 21... Qxf4 22. gxf4 Bb7)
20. N2h3 $1 (20. Rxc6 Qxf4 21. Qxf4 Bxf4 $11) (20. g3 $6 c5
21. Be3 Ne5 $16) 20... Qh4 21. Qe2 (21. Rxc6
$18 {is more deadly. Black must now prevent e5.} Bb7 22. Rc7) 21... c5 {
[%emt 0:01:29] [#]} (21... Qg4 $16) 22. Bc3 $1 ({Worse is} 22.
g3 Qg4 23. Qxg4 Nxg4 $11) 22... Bb7 (22... Nb6 {might work
better.}) 23. Bd5 $2 ({Stronger than} 23. g3 Qg4 24. Qxg4 Nxg4
$11) (23. e5 $18 Bxf4 24. Nxf4) 23... Nxd5 24. exd5 Rfe8 $36 {[%emt 0:02:47] Black is pushing.} 25. Qd1 (
25. Qf3 $5 Ne5 26. Bxe5 Rxe5 27. Rxc5 $11) 25... Re4 26. g3 Qe7 27. Rc2 Re8 28. Rcf2 {[%emt 0:02:06] [#]} (28. d6 $11
{keeps the balance.} Qd8 29. Nd5) 28... Qd6 $1 $17 29. Qb3 Ba8 30. Rd1 Ne5 31. Ng2 c4 32. Qb4 Qxb4 (32... Qc7 $19 {and Black stays clearly on top. aiming for ...
Nd3.} 33. Nhf4 Bxf4 34. Rxf4 (34. Nxf4 $2 Ng4 $19) 34... Qa7+ 35. Kf1 (35. Kh1
$2 Nd3 $19) 35... Nd3 36. Rxd3 Rxf4+ 37. Nxf4 cxd3) 33. axb4 Nd3 34. Rff1 ({White should try} 34. Rc2)
34... Bxd5 35. Nhf4 Bc6 {[%emt 0:02:21]
Black is much more active.} 36. Nxd3 (36. Ra1 $17) 36... cxd3
$19 37. Rxd3 (37. Nf4 $142) 37... Bb5 {
[%emt 0:00:29] This bishop pair is nice.} 38. Rd6 Bxf1 39. Kxf1 R4e6 40. Rd5 Rc6 41. b5 axb5 {[%emt 0:00:
00] Black is clearly winning.} 42. Rxb5 Bg7 43. Bxg7 Rc1+ 44. Kf2 Rc2+ 45. Kf3 {[%emt 0:00:06] Hoping for Bc3.} Kxg7 46. h4 Ree2 47. Nf4 Rxb2 {
[%emt 0:00:26] Never resign too early! Weighted Error Value: White=0.48/
Black=0.23 (precise)} 0-1

[Event "44th Chess Olympiad Open 2022"]
[Site "Chennai"]
[Date "2022.08.03"]
[Round "6.43"]
[White "Bullen, Alex"]
[Black "Egilstoft, Rogvi"]
[Result "0-1"]
[WhiteElo "2106"]
[BlackElo "2284"]
[Annotator "TA"]
[PlyCount "130"]
[EventDate "2022.??.??"]
[TimeControl "60"]

1. d4 g6 2. e4 Bg7 3. Nf3 d6 4. Nc3 a6 5. a4 Nf6 6. h3 Nc6 7. Be3 O-O 8. Be2 e5 9. dxe5 dxe5 10. O-O Qe7 {[%emt 0:09:52] [#] B08: Pirc
Defence: Classical System.} 11. Qb1 $146 ({Predecessor:} 11.
Nd5 Nxd5 12. exd5 Rd8 13. Bg5 f6 14. Bd2 Nb8 15. a5 c6 16. dxc6 Nxc6 17. Bc4+
Kh8 18. Qe2 {1-0 (42) Bosiocic,M (2623)-Zubov,A (2601) Moscow 2019}) 11... Rd8 12. Rd1 Be6 {[%emt 0:06:34] The position is
equal.} 13. Ng5 Nd4 14. Bf1 (14. Nxe6 $11 {remains equal.} Nxe2+ 15. Nxe2 Qxe6 16. f3) 14... Rd7 (14... Bd7 $17) 15. Nxe6 Qxe6 16. Bg5 Rad8 17. Nd5 c6 18. Bxf6 Bxf6 19. Ne3 Bg5 {[%emt 0:03:57] [#] aiming for ...Bxe3.} 20. Re1 Qf6 21. Bc4 h5 (21... Bxe3 {
looks sharper.} 22. Rxe3 Nxc2 23. Rf3 Nxa1 24. Rxf6 Rd1+) 22. c3 Ne6 23. Bxe6 Qxe6 24.
Nf1 Rd3 25. Qc2 Qd6 {
[%emt 0:01:23] Black is much more active.} 26. Re2 Rd7 27. Rae1 (27. Ree1 $142) 27... Qe6 $17 28. c4 (28. Ra1 $142) 28... R7d4 29. b3 Bh6 30. Ne3 Bf8 31. Rd1 Rxd1+ 32. Nxd1 Qd7 33. Ne3 Bc5 34. Nf1 Bb4 {[%emt 0:00:24] Inhibits Rd2.} 35. Ne3 {
[%emt 0:01:02] Inhibits Rd1+.} Qd6 36. g4 (
36. Kh1 $17) 36... h4 (36... Qd8 $19 37. gxh5 Qg5+ 38. Kf1
Qxh5) 37. Kh2 Qd8 38. Kg2 Qf6 ({Black should try} 38... Kg7 $17 39. Qb1 Kg8) 39. Nf1 $1
$15 Qd8 (39... Qe7 $15) 40. Ne3 $17 Be7 (40... Kg7 $17 41. Qb1 Kg8) 41. Nf1 $1 $11 Bg5 42. Ne3 {[%emt 0:01:20] Inhibits Rd1.
White is now going downhill.} (42. Nh2 $1 $11) 42... Bf4 43.
Kf3 (43. c5 $17 {might work better.}) 43... Rd3 $19 44. Kg2 $2 (44. b4) 44... Qd4 $1 45. Kf3 Rc3 46. Qb1 a5 47. b4 (47. Re1 $142)
47... Qxc4 48. bxa5 Qxa4 49.
Ra2 Qd4 {[%emt 0:00:46][%cal Rc3e3] Chess con chili.} 50. Re2 Ra3 {[%emt 0:00:54] [#] ...Ra1 is the strong threat.} 51. Qc2 Qa1 52. Kg2 {[%emt 0:00:30]
Prevents Qh1+.} Bxe3 53. Rxe3 (53. fxe3 Rxa5
54. Rf2) 53... Rxe3 54. fxe3 Qxa5 {[%emt 0:
00:00] Endgame KQ-KQ} 55. Qb2 Qc7 {[%emt 0:00:59] And now ...
c5 would win.} 56. Kf3 Qe7 57. Qa1 Kg7 58. Qg1 Qf6+ (
58... b5 $142 59. Qa1 b4) 59. Kg2 b5 60. Qc1 Qd6 61. Qe1 Qe7 (61... b4 $142 62. Qe2 b3) 62. Qf1 b4 63. Qc4 Qd6 {[%emt 0:00:
00] ( -> ...Qd2+)} 64. Kf3 Qd1+ 65. Kf2 b3 {[%emt 0:00:19] Weighted Error Value: White=0.55/Black=0.32}
0-1

[Event "44th Chess Olympiad Open 2022"]
[Site "Chennai"]
[Date "2022.08.03"]
[Round "6.44"]
[White "Risteski, Emil"]
[Black "Chekh Adm Khedr, Aram"]
[Result "1-0"]
[WhiteElo "2405"]
[BlackElo "2147"]
[Annotator "TA"]
[PlyCount "137"]
[EventDate "2022.??.??"]
[TimeControl "60"]

1. e4 c5 2. Nf3 Nc6 3. Nc3 d6 4. d4 cxd4 5. Nxd4 Nf6 6. Bg5 e6 7. Qd2 a6 8. O-O-O h6 9. Nxc6 bxc6 10. Bf4 d5 11. Qe3 Be7 12. Be2 {[%emt 0:04:12] B66:
Sicilian: Richter-Rauzer: 7...a6 8 0-0-0 h6.} Nd7 13. exd5 {[%emt 0:02:14] White is much more active. The
black rooks are badly placed. has lost popularity (13.h4).} cxd5 14. Qg3 $1 {[%emt 0:07:48] The position is equal.} Bg5 {[%emt 0:01:01] [#]
} 15. Bxg5 $146 ({Predecessor:} 15. h4 Bxf4+ 16. Qxf4 Qf6 17.
Qe3 Qe5 18. Qd2 Bb7 19. g4 O-O-O 20. f4 Qc7 21. Rh3 {1-0 (79) Thavandiran,S 
(2399)-Zavala Galindo,A (1757) San Salvador 2022}) 15... Qxg5+ 16. f4 Qxg3 17. hxg3 Nb6 18. Rhe1 O-O 19.
Bf3 Bd7 20. Ne2 (20. f5 $5)
20... Na4 21. b3 Nc5 22. Kd2 (22. Bxd5 $5 exd5 23. Rxd5 $14) 22... a5 23.
c4 Rab8 $1 24. cxd5 exd5 25. Rc1 Ne4+ 26. Bxe4 dxe4 27. Nd4 Rfd8 28. Ke3 a4 29. Rc3 (
29. f5 {looks sharper.} axb3 30. axb3 Bb5 31. b4) 29... axb3 (
29... h5 {feels hotter.} 30. f5 g6 31. fxg6 fxg6 32. Rc7 axb3 33. axb3 Rb4) 30.
axb3 Rb4 31. Rc4 Rdb8 32. Rxb4 ({Avoid the trap} 32. Kxe4 $2 Rxc4
33. bxc4 Re8+ 34. Kd5 Rxe1 $19) 32... Rxb4 33. Kxe4 $14 {
[%emt 0:07:45] Endgame KRB-KRN} Bc6+ 34. Kd3 Bxg2 35. Kc3 Rb7 36. b4 Kh7 37. b5 g5 38. fxg5 hxg5 39. Re2 Rc7+ 40. Kb4 Bb7 41. Nc6 (41. Ka5 $16) 41... Kg6 {[%emt 0:00:00] [#]} (41... Bxc6 $2 42.
Rc2 $18) (41... Rxc6 $11 42. Re7 (42. bxc6 Bxc6 43. Kc5 Bd7 $14) 42... Kg6) 42.
Kc5 $1 $16 Bxc6 $2 (42... f5 43. Kd6 Rg7 44.
Ne7+ Kh5) 43. bxc6 $18 {[%emt 0:00:00] Threatening mate with Kd6. KR-KR} f5 $2
{[%emt 0:00:17] This costs Black the game.} (43... Kf5 $14) 44. Kd6 Rc8 45. Kd7 Ra8 46.
c7 Kh5 {[%emt 0:00:11] [#]} 47. Ra2 $3 Rxa2 48. c8=Q {[%emt 0:00:00] Prevents Rc2. KQ-KR} Rg2 49. Ke6 {[%emt 0:00:00] Kf6 would kill now.} Kg4 50. Kf6 Rxg3 (50... Kxg3 $18 51. Kxf5 Kh2) 51. Qxf5+
{[%emt 0:00:00] White mates.} Kh4 52. Kg6 Rg2 53. Qf3 Rg4 54. Kh6 Rf4 55. Qh5+ Kg3 56. Kxg5 Re4 57. Qd1 Re5+ 58. Kf6 Re3 59. Kf5 Rf3+ 60. Kg5 Re3 61. Qg1+ Kf3 62. Qg4+ Kf2 63. Kf4 Re2 64. Qh4+ Kg2 65. Qg5+ Kf2 66. Qc5+ Kg2 67. Qd5+ Kf2 68. Qd1 Re1 69. Qf3+ {
[%emt 0:00:18] Weighted Error Value: White=0.25 (precise) /Black=0.42} 1-0

[Event "44th Chess Olympiad Open 2022"]
[Site "Chennai"]
[Date "2022.08.03"]
[Round "6.44"]
[White "Nikolovski, Nikola"]
[Black "Koniahli, Malek."]
[Result "1-0"]
[WhiteElo "2366"]
[BlackElo "2238"]
[Annotator "TA"]
[PlyCount "53"]
[EventDate "2022.??.??"]
[TimeControl "60"]

1. e4 c6 2. d4 d5 3. exd5 cxd5 4. Bd3 Nc6 5. c3 Nf6 6. Bf4 Bg4 7. Qb3 Qd7 8. Nd2 e6 9. Ngf3 Bd6 10. Bg3 {[%emt 0:06:10] B13: Caro-Kann: Exchange Variation and
Panov-Botvinnik Attack.} O-O 11. O-O Bh5 12. Rae1 {[%emt 0:18:17][%cal Ya1e1,Ye1e3,Ye3h3] White has an
edge.} Bg6 13. Bxg6 hxg6 14.
Bxd6 Qxd6 15. Ne5 {[%emt 0:00:47] [#]} (15.
Qxb7 Rab8 16. Qa6 Rb6 $15) 15... Qc7 $146 ({Predecessor:} 
15... Rab8 16. Ndf3 b5 17. Ng5 b4 18. Qc2 Nh7 19. Nxh7 Kxh7 20. f4 Nxe5 21.
fxe5 Qe7 {0-1 (53) Li,E (1561)-Jackson,E (1435) Leamington Spa 2021}) 16. f4 Rfe8 17. Re3 Nh7 18. Rh3 Nf8 19. Qd1 {[%emt 0:01:34] 0x0.
0024c1a41309dp-1022s more active pieces. The black rooks are badly placed.} f6 20. Nd3 b5 21. Nf3 Ne7 (21... a5 $16 {was worth a try.}) 22. g4 $18 {
[%emt 0:06:19] And now Qe1 would win.} Nd7 $2 (22... Nc8 {
is a better defense.} 23. Qe1 Nd6) 23. Qe1 Qb6 (23... Nc6 24. Ng5 (24. Qh4 Kf7 $18) 24... Qb6) 24. Qh4 {[%emt 0:04:24][%cal
Yd3e5] Strongly threatening Nde5!} Rf8 {[%emt 0:08:45] [#]} 25. Nde5 Nxe5 26. fxe5 {[%emt 0:00:25][%cal Yf4e5,Ye5f6]
Intending Ng5 and mate.} Kf7 27. exf6 {[%emt 0:00:38]
Weighted Error Value: White=0.19 (very precise) /Black=0.73} 1-0

[Event "44th Chess Olympiad Open 2022"]
[Site "Chennai"]
[Date "2022.08.03"]
[Round "6.44"]
[White "Eiti, Bashir"]
[Black "Veljanoski, Andrej"]
[Result "1-0"]
[WhiteElo "2337"]
[BlackElo "2162"]
[Annotator "TA"]
[PlyCount "93"]
[EventDate "2022.??.??"]
[TimeControl "60"]

1. Nf3 d5 2. g3 g6 3. Bg2 Bg7 4. O-O e5 5. c4 dxc4 6. Na3 Nc6 7. Nxc4 Nge7 8. d3 O-O {[%emt 0:01:12] A20: English Opening: 1...
e5.} 9. Rb1 Nd5 {[%emt 0:12:12] [#]} 10. Bg5 $146 ({Predecessor:} 10. Bd2 Re8 11. b4 Nd4 12. Na5 a6 13. Re1 c6 14. a3 Re7
15. Rc1 Bg4 16. Ng5 {0-1 (40) Miroshnichenko,E (2634)-Zaragatski,I (2376)
Hamburg 2005}) 10... Qd7 {[%emt 0:03:12] The position is equal.} (10... f6 $5 11. Bd2 Nb6 $11) 11. Qd2 Re8 12. Bh6 Bh8 13. Rfc1 (13.
Rbc1 $14) 13... b6 (13... a5 $11) 14. Ne3 {[%emt 0:13:39]
aiming for Nxd5.} Nxe3 15. Bxe3 {[%emt 0:00:08][%cal Yf3e5]
Hoping for Nxe5!} (15. Qxe3 Bb7 $11) 15... Bb7 {[%emt 0:00:15] [#]} 16. Qc2 $1 e4 17. Ng5 exd3 18. Qxd3 ({Much worse is} 18. exd3 Nb4 19. Qxc7 Qxc7 20.
Rxc7 Bxg2 21. Kxg2 Nd5 $14) 18... Qxd3 19. exd3 Nd8 20. Bxb7 Nxb7 21.
Rxc7 Nd6 22. Bf4 {[%emt 0:10:56] White is
more active.} Be5 23. Bxe5 Rxe5 24. Nf3 Ree8 25. Rbc1 Nb5 26. Rb7 Rad8 27. Re1 (27. a4 $142 Rxd3 28. Ng5 (28. axb5 Rxf3 29. Kf1 Re5 $11))
27... Rxe1+ $16 28. Nxe1 {[%emt 0:00:03] Endgame KRN-KRN} Rd4 29. a3 Kg7 30. f4 Rd6 (30... Kf6 $16 31. Kf2 Ke6) 31. a4
$18 Nd4 32. Rxa7 Re6 33. Kf1 Nf5 (33... Kf8 $142
34. b4 Ke8) 34. Nf3 Ne3+ 35. Kg1 Ng4 36. Ng5 Re1+ 37.
Kg2 h5 $2 (37... Rb1 38. Nxf7 Rxb2+ 39. Kh3
h5 40. Ne5+ Kh6 41. Nxg4+ hxg4+ 42. Kxg4 Rxh2) 38. Rxf7+ {[%emt 0:00:32] White
is clearly winning.} Kg8 39. h3 Nh6 40. Rf6 Kg7 41. Rxb6 Nf5 42. Rb7+ Kg8 43. a5 Re2+ 44. Kg1 Ne3 45. a6 {[%emt 0:01:41] [#] White threatens Rb8+ and mate.}
Rg2+ 46. Kh1 {[%emt 0:00:00] White wants to mate with a7.} Rf2 47. Ne4 {[%emt 0:00:00] Weighted Error Value: White=0.07 
(flawless) /Black=0.31} 1-0

[Event "44th Chess Olympiad Open 2022"]
[Site "Chennai"]
[Date "2022.08.03"]
[Round "6.44"]
[White "Altorky, Amer"]
[Black "Lazov, Toni"]
[Result "0-1"]
[WhiteElo "2040"]
[BlackElo "2374"]
[Annotator "TA"]
[PlyCount "76"]
[EventDate "2022.??.??"]
[TimeControl "60"]

1. e4 c5 2. Nc3 Nc6 3. g3 g6 4. Bg2 Bg7 5. d3 Rb8 6. f4 b5 7. e5 {[%emt 0:06:45] B24: Closed Sicilian: 3 g3
sidelines.} Nh6 {[%emt 0:13:24] [#]} 8. Be3 $146 (8. Bxc6 $11
dxc6 9. Be3) ({Predecessor:} 8. Nge2 O-O 9. O-O b4 10. Na4 Qa5 11. c3 Bb7 12.
Bd2 d6 13. cxb4 cxb4 14. Rc1 {½-½ (35) Buhmann,T (2235)-Tritt,M (1896) ICCF
email 2008}) 8... Nd4 9. Nf3 {[%emt 0:05:57] The position is
equal.} Nhf5 10. Bf2 O-O 11.
O-O d6 12. Re1 (12. Ne4 $11
{remains equal.}) 12... b4 13. Ne4 {[%emt 0:11:26] [#]} Nxf3+
$1 14. Bxf3 dxe5 15. fxe5 Bxe5 16. c3 bxc3 17. bxc3 Qa5 (17... Nd6 $17 {aiming for
...Nxe4.} 18. Rc1 Nxe4 19. Rxe4 Qc7) 18. Rc1 $15 Bd6 ({Reject} 18... Qxa2 19. Bxc5 a5 20. d4 $11) 19. g4 Ng7 {[%emt 0:00:08] Black wants to play ...Bf4.} 20. Nxd6 (20.
Bh4 {looks sharper.} Rb2 21. Nxd6 exd6 22. Be7) 20... exd6 21.
Bh4 Be6 ({Don't do} 21... Qxa2 22. Be7 $14) (
21... Rb2 {with more complications.} 22. Be7 Re8 23. Bxd6 Qb6) 22. Be7 Rfe8 23. Bxd6 {[%emt 0:00:54] A strong pair
of Bishops.} Rb2 24. Be5 Rxa2 (24... c4 $5 25. d4 Bd5 $11) 25. Rb1 Qd8 26. d4 Qg5 27. Bxg7 $2 (27. Qc1 $11 Qh4 28. Bg3) 27... Kxg7 $19 28. Re5 Qf4 29. Be2 Rd2 $2 (29... f6 30. Rb7+ Kf8) 30. Qf1 Qxf1+ 31. Bxf1 cxd4 32.
cxd4 Rxd4 33. Rb7 $2 (33. h3
{is a better chance.}) 33... Rxg4+ {[%emt 0:00:34] Black is clearly winning.}
34. Kf2 Rf4+ 35. Kg2 {[%emt 0:00:50] [#]}
Bh3+ $1 36. Kg3 Rxe5 37.
Bxh3 Ra4 {[%emt 0:00:41] ( -> ... Re3+)} 38. Bd7 Re7 {[%emt 0:00:30] Weighted Error Value: White=1.08/Black=0.31} 0-1

[Event "44th Chess Olympiad Open 2022"]
[Site "Chennai"]
[Date "2022.08.03"]
[Round "6.45"]
[White "Rakotomaharo, Fy Antenaina"]
[Black "Ibarra Chami, Luis Fernando"]
[Result "1-0"]
[WhiteElo "2490"]
[BlackElo "2452"]
[Annotator "TA"]
[PlyCount "105"]
[EventDate "2022.??.??"]
[TimeControl "60"]

1. e4 c5 2. Nf3 Nc6 3. d4 cxd4 4. Nxd4 Nf6 5. Nc3 e5 6. Ndb5 d6 7. Nd5 Nxd5 8. exd5 Nb8 9. a4 Be7 {[%emt 0:00:53] B33:
Sicilian: Pelikan and Sveshnikov Variations.} 10. Bd2 O-O 11. Be2 f5 {[%emt 0:01:21] The position is
equal.} 12. a5 f4 13. O-O Bf5 {[%emt 0:05:16] [#]} 14. c4 $146 ({
Predecessor:} 14. Bb4 a6 15. Na3 Nd7 16. Bg4 Qc8 17. Bxf5 Rxf5 18. Qd3 Nf6 19.
Nc4 e4 20. Qh3 {0-1 (68) Pichot,A (2590)-Carlsen,M (2876) chess24.com INT 2019}
) 14... a6 15. Nc3 Nd7 16.
Bg4 g6 (16... Bxg4 {keeps more tension.} 17.
Qxg4 Rc8 18. b3 Nc5) 17. Re1 Rc8 18. Bxf5 gxf5 19. Qe2 Rf7 20. Na4 Rg7 21. Ra3 Kh8 22. Kh1 Qg8 23. g3 fxg3 (23... Nf6 {looks sharper.}
24. Nb6 Re8 25. gxf4 Ne4) 24. Rxg3 Rxg3 25.
fxg3 Nf6 26. Nb6 Rf8 27. Rf1 Ne4 28. Be1 Qg6 29. b4 Rf7 30.
Na4 Kg8 31. Nc3 Nxc3 32. Bxc3 Qg4 33.
Qd3 e4 34. Qd1 Qg6 {[%emt 0:
00:00] [#]} (34... Bg5 $11 {keeps the balance.}) 35. Bd4 (35.
Qd4 Bf6 36. Qd2 Qg5 $11) (35. Bd2 $1 $16) 35... Bf8 (35... Bg5
$1 $11 {remains equal.}) 36. Bb6 {[%emt 0:01:43] White is more active.} (36.
Be3 $16) 36... Re7 ({Black should try} 36... Bh6 $14) 37. c5
$16 {[%emt 0:00:23] Threatens to win with c6.} e3 38. Qf3 (38. Re1 $16) 38... Re8 $2 (38... e2 $2 39.
Re1 $18) (38... dxc5 $1 $14 39. Bxc5 Re5) 39. c6 $18 bxc6 (39... e2 $2 40. Re1 bxc6 41. dxc6 $18 (41. Rxe2 c5 $16)) 40.
dxc6 Qe6 41. Re1 e2 (41... Bh6 $142 42. c7 Qe4) 42. c7 {[%emt 0:08:47][%cal
Ye1e2] Black must now prevent Rxe2!} Qc4 43. Qxf5 Bg7 44. Qh5 Re5 (44...
Qe4+ 45. Kg1 Bd4+ 46. Bxd4 Qxd4+ 47. Kg2 Qe4+ 48. Kh3 Qe6+ 49. Qg4+ Qxg4+ 50.
Kxg4 Rc8 51. Rxe2 Rxc7) 45. Qf3 {[%emt 0:03:07] Hoping for Qa8+.} Re8 {[%emt 0:
00:14] Inhibits Qa8.} 46. Qh5 $40 {[%emt 0:02:03] White has some attack.} (46.
Rxe2 Rxe2 47. Qxe2 (47. Qa8+ Kf7 $11) 47... Qxe2 $16) 46... Re5 47. Qh4 {[%emt 0:00:12] White is clearly winning.} Qc3 {[%emt 0:01:10] [#]}
48. Kg2 $1 {[%emt 0:00:05] Strongly threatening Qd8+.} ({Less strong is} 48.
Qd8+ Bf8 49. Bf2 (49. Rxe2 $2 Rxe2 50. Qg5+ Kh8 $19) 49... Rf5 $14) 48... Kf7 49. Qf4+ Bf6 50. Bd4 Qxe1 51. c8=Q {[%emt 0:00:07] Intending Qd7+
and mate.} Qh1+ 52. Kxh1 {[%emt 0:00:40] Threatening mate
with Qd7+.} e1=Q+ 53. Kg2 {[%emt 0:00:52] Weighted Error
Value: White=0.27 (precise) /Black=0.37} 1-0